 Dungeon Crawl Stone Soup version 0.24.0-13-gcf9b319 (webtiles) character file.

Game seed: 11655086767785224330, levelgen mode: deterministic

13 Bronimir the Vexing (level 2, 0/15 HPs)
             Began as a Vampire Enchanter on Mar 31, 2020.
             Slain by a bat (1 damage)
             ... on level 1 of the Dungeon.
             The game lasted 00:02:11 (524 turns).

Bronimir the Vexing (Vampire Enchanter)              Turns: 524, Time: 00:02:11

Health: 0/15       AC:  2    Str:  7    XL:     2   Next: 24%
Magic:  4/5        EV: 13    Int: 17    God:
Gold:   12         SH:  0    Dex: 14    Spells: 4/5 levels left

rFire    . . .     SeeInvis +   a - +1 dagger
rCold    + + .     Gourm    .   (no shield)
rNeg     + + +     Faith    .   b - +0 robe
rPois    ∞         Spirit   .   (no helmet)
rElec    .         Reflect  .   (no cloak)
rCorr    .         Harm     .   (no gloves)
MR       .....                  (no boots)
Stlth    +++++.....             (no amulet)
HPRegen  0.00/turn              (no ring)
MPRegen  0.09/turn              (no ring)

@: bloodless, regenerating quickly
A: no food, fangs 3, see invisible, unbreathing
a: Revivify


You were on level 1 of the Dungeon.
You were bloodless.

You visited 1 branch of the dungeon, and saw 1 of its levels.

You collected 12 gold pieces.

Inventory:

Hand Weapons
 a - a +1 dagger (weapon)
Missiles
 c - 26 stones (quivered)
Armour
 b - a +0 robe (worn)
Scrolls
 d - a scroll of remove curse {unknown}
Potions
 e - a potion of might {unknown}


   Skills:
 * Level 1.1 Short Blades
 + Level 2.6 Dodging
 * Level 4.5 Stealth
 + Level 2.1 Spellcasting
 * Level 4.9 Hexes


You had 4 spell levels left.
You knew the following spells:

 Your Spells              Type           Power        Failure   Level  Hunger
a - Corona                Hex            ###....      2%          1    N/A

Your spell library contained the following spells:

 Spells                   Type           Power        Failure   Level  Hunger
 Confuse                  Hex            ###.....     8%          3    N/A
 Tukima's Dance           Hex            ###.....     8%          3    N/A
 Ensorcelled Hibernation  Hex/Ice        ##....       11%         2    N/A
 Dazzling Spray           Conj/Hex       ##....       22%         3    N/A

Dungeon Overview and Level Annotations

Branches:
Dungeon (1/15)

Altars:


Innate Abilities, Weirdness & Mutations

You do not eat.
You do not regenerate when monsters are visible.
You are frail without blood (-20% HP).
You can heal yourself when you bite living creatures.
You are immune to poison.
You have razor-sharp teeth.
You have supernaturally acute eyesight. (SInv)
You can survive without breathing.


Message History

The bat closely misses you. x2
The bat closely misses you. The bat hits you but does no damage.
The bat closely misses you. The bat misses you. The bat closely misses you.
The bat hits you.
* * * LOW HITPOINT WARNING * * *
The bat barely misses you. The bat hits you but does no damage.
You hit the bat but do no damage. The bat misses you.
The bat hits you but does no damage. The bat closely misses you.
The bat hits you but does no damage. The bat barely misses you.
The bat hits you but does no damage.
Casting: Corona (safe; 2% risk of failure)
Confirm with . or Enter, or press ? or * to list all spells.
Aiming: Corona (safe; 2% risk of failure)
Press: ? - help, Shift-Dir - straight line, f - bat, p - goblin
Aim: a bat (chance to defeat MR: 73%)
The bat barely resists.
The bat barely misses you. The bat closely misses you.
The bat hits you but does no damage. The bat hits you.
* * * LOW HITPOINT WARNING * * *
The bat hits you.
You die...

.............#...#)....#..#
.................#÷....#..#
.................##'''##..#
.....................÷....#
..................).÷.##..#
##..................†....##
#....................####
............#.gb......#
............g...@.....#
#...........#..b......#
..##........#.........# ##
#..................#
≈...........#########
≈≈..........# ≈≈≈......#.#
........#.#


You could see 2 goblins and 2 bats.

Vanquished Creatures
  A dart slug (D:1)
  3 bats (D:1)
  A giant cockroach (D:1)
  A goblin (D:1)
  2 hobgoblins (D:1)
  A kobold (D:1)
  A rat (D:1)
10 creatures vanquished.

Notes
Turn   | Place    | Note
-------+----------+-------------------------------------------
     0 | D:1      | Bronimir the Vampire Enchanter began the quest for the Orb.
     0 | D:1      | Reached XP level 1. HP: 13/13 MP: 3/3
   380 | D:1      | Reached XP level 2. HP: 13/15 MP: 3/5
   524 | D:1      | Slain by a bat

Levels and vault maps discovered:
D:1:      dpeg_arrival_windows_large_door, layout_rooms,
          chequers_serial_rivers_small_a

Action                   || total
-------------------------++-------
Melee: Dagger            ||    48
       Bite              ||     6
 Cast: Corona            ||    13
 Abil: Exsanguinate      ||     1
Armor: Robe              ||    43
Dodge: Dodged            ||    90
